 Dungeon Crawl Stone Soup version 0.32-a0-960-g3814254bd7 (webtiles) character file.

Game seed: 12508389016379500868

88 trashops the Covered (level 4, -1/40 HPs)
             Began as a Mountain Dwarf Fighter on Apr 17, 2024.
             Slain by a black bear (4 damage)
             ... on level 3 of the Dungeon.
             The game lasted 00:02:20 (1231 turns).

trashops the Covered (Mountain Dwarf Fighter)       Turns: 1231, Time: 00:02:21

Health: -1/40      AC:  4    Str: 21    XL:     4   Next: 30%
Magic:  4/4        EV:  8    Int:  8    God:
Gold:   75         SH:  3    Dex:  7    Spells: 3/3 levels left

rFire   + . .        a - +0 war axe
rCold   . . .        c - +0 buckler
rNeg    . . .        b - +0 scale mail
rPois   .            (no helmet)
rElec   .            (no cloak)
rCorr   .            (no gloves)
SInv    .            (no boots)
Will    .....        (no amulet) Stlth
                     (no ring)
HPRegen 0.26/turn    (no ring)
MPRegen 0.09/turn

%: no passive effects
@: no status effects
A: runic magic, artefact enchanting, clumsy 1, deformed body, fire resistance 1
a: no special abilities


You were on level 3 of the Dungeon.
You visited 1 branch of the dungeon, and saw 3 of its levels.

You collected 75 gold pieces.

Inventory:

Hand Weapons
 a - a +0 war axe (weapon)
Armour
 b - a +0 scale mail (worn)
 c - a +0 buckler (worn)
Jewellery
 j - a ring of see invisible
Scrolls
 e - 3 scrolls of identify {unknown}
 f - a scroll of fear {unknown}
 g - 4 scrolls of noise {unknown}
 h - a scroll of vulnerability {unknown}
Potions
 d - 3 potions of might
 i - a potion of enlightenment {unknown}


   Skills:
 * Level 4.0 Fighting
 * Level 4.0 Axes
 * Level 4.1 Armour
 + Level 3.5 Shields


You had 3 spell levels left.
You didn't know any spells.
Your spell library contained the following spells:

 Spells                   Type           Power      Damage    Failure   Level
 Apportation              Tloc           0%         N/A       56%         1
 Necrotise                Necr           0%         1d4       56%         1
 Sting                    Conj/Alch      0%         1d3       56%         1
 Summon Small Mammal      Summ           0%         N/A       56%         1
 Dazzling Flash           Conj/Hex       0%         N/A       90%         3
 Mephitic Cloud           Conj/Alch/Air  0%         N/A       90%         3
 Silence                  Hex/Air        0%         N/A       100%        5


Dungeon Overview and Level Annotations

Branches:
Dungeon (3/15)

Altars:


Innate Abilities, Weirdness & Mutations

Your spellcasting is much less encumbered by armour.
You can use scrolls of enchantment on lesser artefacts.
You are clumsy. (Dex -2)
Armour fits poorly on your strangely shaped body.
Your flesh is heat resistant. (rF+)


Message History

The black bear bites you.
The black bear claws you but does no damage.
The black bear barely misses you.
You barely miss the black bear.
The black bear is heavily wounded.
The black bear bites you! The black bear claws you.
The black bear closely misses you. The black bear misses you.
The black bear closely misses you.
The black bear claws you but does no damage.
You closely miss the black bear.
The black bear is heavily wounded.
The black bear bites you.
The black bear claws you but does no damage.
The black bear claws you.
You hit the black bear but do no damage.
The black bear is heavily wounded.
The black bear completely misses you. The black bear claws you.
The black bear claws you but does no damage.
You hit the black bear but do no damage.
The black bear is heavily wounded.
The black bear bites you. The black bear barely misses you.
The black bear claws you but does no damage.
You block the black bear's attack. The black bear claws you.
* * * LOW HITPOINT WARNING * * *
The black bear claws you.
* * * LOW HITPOINT WARNING * * *
You hit the black bear.
The black bear is heavily wounded.
The black bear barely misses you. x3
You slash the black bear!
The black bear is almost dead.
The black bear goes berserk!
You barely miss the black bear.
The black bear is almost dead.
The black bear bites you.
* * * LOW HITPOINT WARNING * * *
The black bear barely misses you. The black bear claws you.
* * * LOW HITPOINT WARNING * * *
The black bear barely misses you. The black bear claws you.
You die...

#.... #.... .... +# ...
.# ..#.# #...###
#####.h...# #.....@##.#
#......##.####
#............#
#.........##.##
#..........#..######
#..................#
...........#..##.##.####
...........+............
...###.....###......##


You could see a black bear (berserk).

Vanquished Creatures
  A bombardier beetle (D:2)
  An adder (D:2)
  A dart slug (D:1)
  A ribbon worm (D:2)
  3 endoplasms
  A giant cockroach (D:2)
  7 goblins
  A hobgoblin (D:2)
  2 jackals (D:2)
  4 kobolds
  A quokka (D:2)
  7 ball pythons
  3 bats
  5 frilled lizards
  4 rats
42 creatures vanquished.

Notes
Turn   | Place    | Note
-------+----------+-------------------------------------------
     0 | D:1      | trashops the Mountain Dwarf Fighter began the quest for the
                  | Orb.
     0 | D:1      | Reached XP level 1. HP: 19/19 MP: 1/1
   127 | D:1      | Reached XP level 2. HP: 26/26 MP: 2/2
   482 | D:1      | Gained mutation: Your flesh is heat resistant. (rF+)
                  | [potion of mutation]
   482 | D:1      | Gained mutation: You are clumsy. (Dex -2) [potion of
                  | mutation]
   482 | D:1      | Gained mutation: Armour fits poorly on your strangely
                  | shaped body. [potion of mutation]
   506 | D:2      | Noticed a bombardier beetle
   524 | D:2      | Killed a bombardier beetle
   525 | D:2      | Reached XP level 3. HP: 10/33 MP: 3/3
   713 | D:2      | Reached XP level 4. HP: 35/40 MP: 4/4
  1218 | D:3      | Noticed a black bear
  1231 | D:3      | Slain by a black bear

Illustrated notes

Levels and vault maps discovered:
D:1:      eino_arrival_water_star, layout_basic
D:2:      layout_rooms
D:3:      layout_basic, mainiacjoe_overflow_cross_hatched, serial_shops, shop,
          minmay_strange_pillars, uniq_natasha

Skill      XL: |  1  2  3  4 |
---------------+-------------+-----
Axes           | 3 4 |  4.0
Armour         | 4 |  4.1
Fighting       | 4 |  4.0
Shields        | |  3.5

Action                     |  1- 3 |  4- 6 || total
---------------------------+-------+-------++-------
  Melee: War axe           |    91 |    42 ||   133
    Use: Potion            |     3 |       ||     3
         Scroll            |     1 |       ||     1
   Stab: Invisible         |     1 |       ||     1
 Armour: Scale mail        |    86 |    54 ||   140
  Dodge: Dodged            |    52 |    27 ||    79
  Block: Buckler           |    27 |     9 ||    36

Table legend: (Time is in decaauts)
 A = Elapsed time spent in this place.
 B = Non-inter-level travel time spent in this place.
 C = Inter-level travel time spent in this place.
 D = Time resting spent in this place.
 E = Time spent auto-exploring this place.
 F = Levels seen in this place.
 G = Mean time per level.
                   A        B        C        D        E       F      G
               +--------+--------+--------+--------+--------+-----+--------+
         Total |   1280 |   1235 |     45 |      0 |    900 |   3 |  426.7 |
       Dungeon |   1280 |   1235 |     45 |      0 |    900 |   3 |  426.7 |
               +--------+--------+--------+--------+--------+-----+--------+

Top non-repeatable levels by time:
     D:2: 717 daAuts
     D:1: 505 daAuts
     D:3: 57 daAuts
